[ AOE2 MATCH · #477256749 ]
1v1 RMTurks vs Celts
Player's team · LOSS
Rival team · WIN
[ REPLAY ANALYSIS · EXTRACTED FROM THE RECORDED GAME ]
Feudal
15:17
Castle
23:00
Imperial
30:08
| APM avg | 17.5 |
| APM peak | 33 |
| eAPM avg | 12.2 |
| Villagers / military | 73 / 163 |
Focus
⚔️ 47.2% · 🌾 52.8%
Janissary ×70 · Hand Cannoneer ×58 · Spearman ×14 · Bombard Cannon ×12 · Skirmisher ×9
Feudal
11:27
Castle
14:57
Imperial
34:22
| APM avg | 35.5 |
| APM peak | 72 |
| eAPM avg | 24.2 |
| Villagers / military | 148 / 244 |
Focus
⚔️ 37.5% · 🌾 62.5%
Militia ×144 · Scorpion ×62 · Mangonel ×22 · Knight ×6 · Monk ×4 · Spearman ×3
Match map
Resources at game start + every placement click. Thick line = wall · dashed box = detected house wall. 🟡 gold · ⚪ stone · 🟢 berries · 🔶 boar · ⭕ relic
Inputs per minute
— FOXY_KING49 - - andrehoffmann04
Build order — FOXY_KING49
First 150 of 380 actions detected
| 0:14 | Build | House |
| 0:15 | Build | House |
| 0:16 | Build | House |
| 0:29 | Create | Villager (Male) |
| 0:29 | Research | Loom |
| 0:30 | Create | Villager (Male) |
| 0:30 | Create | Villager (Male) |
| 1:10 | Build | Mill |
| 1:14 | Create | Villager (Male) |
| 2:30 | Create | Villager (Male) |
| 3:03 | Create | Villager (Male) |
| 3:10 | Create | Villager (Male) |
| 3:57 | Create | Villager (Male) |
| 4:03 | Create | Villager (Male) |
| 4:23 | Create | Villager (Male) |
| 5:06 | Create | Villager (Male) |
| 5:06 | Create | Villager (Male) |
| 5:34 | Create | Villager (Male) |
| 5:34 | Create | Villager (Male) |
| 5:47 | Build | Lumber Camp |
| 5:50 | Create | Villager (Male) |
| 6:10 | Create | Villager (Male) |
| 6:22 | Create | Villager (Male) |
| 6:34 | Build | House |
| 6:41 | Build | Farm |
| 6:49 | Create | Villager (Male) |
| 7:09 | Create | Villager (Male) |
| 7:19 | Build | House |
| 7:35 | Create | Villager (Male) |
| 7:45 | Build | Palisade Wall |
| 7:46 | Build | Palisade Wall |
| 7:47 | Build | Palisade Wall |
| 7:48 | Build | Palisade Wall |
| 7:59 | Build | Farm |
| 8:09 | Create | Villager (Male) |
| 8:37 | Build | Farm |
| 8:41 | Build | Farm |
| 8:53 | Build | Palisade Wall |
| 8:54 | Build | Palisade Wall |
| 8:55 | Build | Palisade Wall |
| 8:56 | Build | Palisade Wall |
| 9:12 | Create | Villager (Male) |
| 9:12 | Create | Villager (Male) |
| 9:13 | Create | Villager (Male) |
| 9:13 | Create | Villager (Male) |
| 9:38 | Build | Palisade Wall |
| 9:38 | Build | Palisade Wall |
| 9:39 | Build | Palisade Wall |
| 9:41 | Build | Palisade Wall |
| 9:41 | Build | Palisade Wall |
| 9:56 | Build | House |
| 9:56 | Build | House |
| 10:15 | Create | Villager (Male) |
| 10:15 | Create | Villager (Male) |
| 10:37 | Build | Palisade Wall |
| 10:38 | Build | Palisade Wall |
| 10:39 | Build | Palisade Wall |
| 10:40 | Build | Palisade Wall |
| 10:41 | Build | Palisade Wall |
| 11:17 | Build | Farm |
| 11:22 | Build | Farm |
| 11:33 | Build | Farm |
| 11:37 | Create | Villager (Male) |
| 11:46 | Build | Palisade Wall |
| 11:47 | Build | Palisade Wall |
| 11:48 | Build | Palisade Wall |
| 11:49 | Build | Palisade Wall |
| 11:50 | Build | Palisade Wall |
| 11:51 | Build | Palisade Wall |
| 12:03 | Build | Barracks |
| 12:15 | Create | Villager (Male) |
| 12:16 | Research | Feudal Age |
| 12:31 | Build | Mining Camp |
| 12:35 | Create | Villager (Male) |
| 12:36 | Create | Villager (Male) |
| 12:50 | Build | Palisade Wall |
| 12:51 | Build | Palisade Wall |
| 12:52 | Build | Palisade Wall |
| 12:53 | Build | Palisade Wall |
| 12:54 | Build | Palisade Wall |
| 13:02 | Build | Palisade Wall |
| 13:03 | Build | Palisade Wall |
| 13:04 | Build | Palisade Wall |
| 13:05 | Build | Palisade Wall |
| 13:06 | Build | Palisade Wall |
| 13:07 | Build | Palisade Wall |
| 13:16 | Create | Villager (Male) |
| 13:16 | Create | Villager (Male) |
| 13:17 | Create | Villager (Male) |
| 13:17 | Create | Villager (Male) |
| 13:31 | Build | Farm |
| 13:32 | Build | Farm |
| 13:34 | Build | Farm |
| 13:35 | Build | Farm |
| 13:41 | Create | Villager (Male) |
| 13:41 | Create | Villager (Male) |
| 13:50 | Build | Palisade Wall |
| 13:51 | Build | Palisade Wall |
| 13:51 | Build | Palisade Wall |
| 13:53 | Build | Palisade Wall |
| 13:55 | Build | Palisade Wall |
| 14:10 | Create | Villager (Male) |
| 14:40 | Build | Mill |
| 14:50 | Create | Villager (Male) |
| 15:03 | Build | House |
| 15:04 | Build | House |
| 15:12 | Build | Palisade Wall |
| 15:13 | Build | Palisade Wall |
| 15:16 | Build | Palisade Wall |
| 15:17 | Age | Feudal Age |
| 15:20 | Create | Spearman |
| 15:20 | Create | Spearman |
| 15:21 | Create | Spearman |
| 15:40 | Create | Spearman |
| 15:46 | Research | Double-Bit Axe |
| 15:59 | Build | Archery Range |
| 16:17 | Research | Stone Mining |
| 16:33 | Build | House |
| 16:34 | Build | House |
| 16:43 | Create | Spearman |
| 17:02 | Create | Skirmisher |
| 17:02 | Create | Skirmisher |
| 17:03 | Create | Skirmisher |
| 17:09 | Build | Blacksmith |
| 17:20 | Create | Villager (Male) |
| 17:50 | Create | Spearman |
| 17:50 | Create | Spearman |
| 17:53 | Create | Skirmisher |
| 18:21 | Build | Archery Range |
| 18:23 | Create | Villager (Male) |
| 18:36 | Build | Mining Camp |
| 19:15 | Build | Farm |
| 19:16 | Build | Farm |
| 19:26 | Build | Mill |
| 19:30 | Create | Villager (Male) |
| 19:41 | Build | House |
| 19:42 | Build | House |
| 19:57 | Build | House |
| 19:58 | Build | House |
| 20:09 | Create | Spearman |
| 20:09 | Create | Spearman |
| 20:18 | Research | Castle Age |
| 20:29 | Build | Farm |
| 20:30 | Build | Farm |
| 20:30 | Build | Farm |
| 20:37 | Create | Villager (Male) |
| 20:37 | Create | Villager (Male) |
| 20:37 | Create | Villager (Male) |
| 20:38 | Create | Villager (Male) |
| 20:47 | Create | Spearman |
Build order — andrehoffmann04
First 150 of 623 actions detected
| 0:00 | Create | Villager (Male) |
| 0:01 | Create | Villager (Male) |
| 0:01 | Create | Villager (Male) |
| 0:02 | Build | House |
| 0:04 | Build | House |
| 0:43 | Create | Villager (Male) |
| 0:43 | Create | Villager (Male) |
| 1:32 | Create | Villager (Male) |
| 1:32 | Create | Villager (Male) |
| 1:49 | Build | Lumber Camp |
| 1:59 | Create | Villager (Male) |
| 2:00 | Create | Villager (Male) |
| 2:26 | Create | Villager (Male) |
| 2:26 | Create | Villager (Male) |
| 2:45 | Create | Villager (Male) |
| 2:45 | Create | Villager (Male) |
| 3:03 | Create | Villager (Male) |
| 3:34 | Create | Villager (Male) |
| 3:34 | Create | Villager (Male) |
| 3:55 | Build | House |
| 3:57 | Build | House |
| 4:10 | Create | Villager (Male) |
| 4:11 | Create | Villager (Male) |
| 4:11 | Create | Villager (Male) |
| 4:22 | Build | Mill |
| 4:38 | Create | Villager (Male) |
| 4:38 | Create | Villager (Male) |
| 5:04 | Create | Villager (Male) |
| 5:05 | Create | Villager (Male) |
| 5:28 | Create | Villager (Male) |
| 5:29 | Create | Villager (Male) |
| 5:43 | Create | Villager (Male) |
| 5:44 | Create | Villager (Male) |
| 6:03 | Build | House |
| 6:22 | Create | Villager (Male) |
| 6:22 | Create | Villager (Male) |
| 6:22 | Create | Villager (Male) |
| 6:23 | Create | Villager (Male) |
| 7:01 | Create | Villager (Male) |
| 7:03 | Create | Villager (Male) |
| 7:03 | Create | Villager (Male) |
| 8:18 | Create | Villager (Male) |
| 8:19 | Create | Villager (Male) |
| 9:07 | Research | Feudal Age |
| 9:08 | Research | Feudal Age |
| 9:15 | Build | Mining Camp |
| 10:10 | Build | Farm |
| 10:16 | Build | Farm |
| 10:21 | Build | Farm |
| 10:30 | Create | Villager (Male) |
| 10:30 | Create | Villager (Male) |
| 11:27 | Age | Feudal Age |
| 11:35 | Build | Market |
| 11:41 | Build | Blacksmith |
| 12:15 | Research | Castle Age |
| 12:16 | Research | Castle Age |
| 12:16 | Research | Castle Age |
| 12:47 | Build | House |
| 12:48 | Build | House |
| 12:49 | Build | House |
| 13:01 | Build | Barracks |
| 13:21 | Research | Horse Collar |
| 13:25 | Research | Double-Bit Axe |
| 13:38 | Build | Farm |
| 13:41 | Build | Farm |
| 14:03 | Build | Stable |
| 14:10 | Build | Farm |
| 14:31 | Research | Wheelbarrow |
| 14:33 | Research | Loom |
| 14:57 | Age | Castle Age |
| 15:08 | Build | Monastery |
| 15:16 | Research | Bow Saw |
| 15:16 | Research | Bow Saw |
| 15:24 | Create | Spearman |
| 15:24 | Create | Spearman |
| 15:46 | Build | Farm |
| 15:48 | Build | Farm |
| 15:50 | Build | Farm |
| 16:01 | Create | Spearman |
| 16:11 | Create | Monk |
| 16:11 | Create | Monk |
| 16:16 | Create | Villager (Male) |
| 16:23 | Build | Farm |
| 16:42 | Create | Scout Cavalry |
| 16:53 | Build | Farm |
| 16:54 | Build | Farm |
| 16:59 | Create | Villager (Male) |
| 17:24 | Create | Villager (Male) |
| 17:31 | Research | Heavy Plow |
| 18:16 | Create | Knight |
| 18:16 | Create | Knight |
| 18:18 | Create | Villager (Male) |
| 18:18 | Create | Villager (Male) |
| 18:23 | Research | Fervor |
| 18:59 | Create | Knight |
| 19:01 | Create | Villager (Male) |
| 19:07 | Build | Siege Workshop |
| 19:13 | Create | Monk |
| 19:28 | Create | Knight |
| 19:31 | Create | Villager (Male) |
| 19:31 | Create | Villager (Male) |
| 19:37 | Build | House |
| 19:39 | Build | House |
| 19:39 | Build | House |
| 19:39 | Build | House |
| 19:40 | Build | House |
| 19:59 | Create | Scorpion |
| 20:32 | Create | Villager (Male) |
| 20:32 | Create | Villager (Male) |
| 20:46 | Build | Town Center |
| 21:44 | Create | Scorpion |
| 21:44 | Create | Scorpion |
| 21:45 | Create | Villager (Male) |
| 21:45 | Create | Villager (Male) |
| 21:45 | Create | Villager (Male) |
| 22:04 | Create | Monk |
| 22:11 | Create | Villager (Male) |
| 22:22 | Create | Battering Ram |
| 22:23 | Create | Battering Ram |
| 22:32 | Create | Knight |
| 22:32 | Create | Knight |
| 22:39 | Build | Farm |
| 22:42 | Research | Scale Barding Armor |
| 22:45 | Research | Forging |
| 23:07 | Create | Villager (Male) |
| 23:08 | Create | Villager (Male) |
| 23:13 | Create | Villager (Male) |
| 23:13 | Create | Villager (Male) |
| 23:33 | Build | Town Center |
| 24:11 | Create | Villager (Male) |
| 24:11 | Create | Villager (Male) |
| 24:12 | Create | Villager (Male) |
| 24:12 | Create | Villager (Male) |
| 24:42 | Create | Villager (Male) |
| 24:42 | Create | Villager (Male) |
| 25:10 | Build | Town Center |
| 25:15 | Build | Farm |
| 25:17 | Build | Farm |
| 25:18 | Build | Farm |
| 25:19 | Build | Farm |
| 25:20 | Build | Farm |
| 25:23 | Create | Villager (Male) |
| 25:23 | Create | Villager (Male) |
| 25:27 | Research | Hand Cart |
| 25:34 | Research | Town Watch |
| 25:37 | Create | Villager (Male) |
| 25:39 | Create | Villager (Male) |
| 25:40 | Create | Villager (Male) |
| 25:45 | Build | Farm |
| 25:46 | Build | Farm |
Match timeline
| 7:45 | FOXY_KING49 · wall_segment Palisade Wall x1 |
| 7:46 | FOXY_KING49 · wall_segment Palisade Wall x1 |
| 7:47 | FOXY_KING49 · wall_segment Palisade Wall x1 |
| 7:48 | FOXY_KING49 · wall_segment Palisade Wall x1 |
| 8:53 | FOXY_KING49 · wall_segment Palisade Wall x1 |
| 8:54 | FOXY_KING49 · wall_segment Palisade Wall x1 |
| 8:55 | FOXY_KING49 · wall_segment Palisade Wall x1 |
| 8:56 | FOXY_KING49 · wall_segment Palisade Wall x1 |
| 9:38 | FOXY_KING49 · wall_segment Palisade Wall x1 |
| 9:38 | FOXY_KING49 · wall_segment Palisade Wall x1 |
| 9:39 | FOXY_KING49 · wall_segment Palisade Wall x1 |
| 9:41 | FOXY_KING49 · wall_segment Palisade Wall x1 |
| 9:41 | FOXY_KING49 · wall_segment Palisade Wall x1 |
| 10:37 | FOXY_KING49 · wall_segment Palisade Wall x1 |
| 10:38 | FOXY_KING49 · wall_segment Palisade Wall x1 |
| 10:39 | FOXY_KING49 · wall_segment Palisade Wall x1 |
| 10:40 | FOXY_KING49 · wall_segment Palisade Wall x1 |
| 10:41 | FOXY_KING49 · wall_segment Palisade Wall x1 |
| 11:27 | andrehoffmann04 · age_up feudal |
| 11:46 | FOXY_KING49 · wall_segment Palisade Wall x1 |
| 11:47 | FOXY_KING49 · wall_segment Palisade Wall x1 |
| 11:48 | FOXY_KING49 · wall_segment Palisade Wall x1 |
| 11:49 | FOXY_KING49 · wall_segment Palisade Wall x1 |
| 11:50 | FOXY_KING49 · wall_segment Palisade Wall x1 |
| 11:51 | FOXY_KING49 · wall_segment Palisade Wall x1 |
| 12:03 | FOXY_KING49 · first_building Barracks |
| 12:50 | FOXY_KING49 · wall_segment Palisade Wall x1 |
| 12:51 | FOXY_KING49 · wall_segment Palisade Wall x1 |
| 12:52 | FOXY_KING49 · wall_segment Palisade Wall x1 |
| 12:53 | FOXY_KING49 · wall_segment Palisade Wall x1 |
| 12:54 | FOXY_KING49 · wall_segment Palisade Wall x1 |
| 13:01 | andrehoffmann04 · first_building Barracks |
| 13:02 | FOXY_KING49 · wall_segment Palisade Wall x1 |
| 13:03 | FOXY_KING49 · wall_segment Palisade Wall x1 |
| 13:04 | FOXY_KING49 · wall_segment Palisade Wall x1 |
| 13:05 | FOXY_KING49 · wall_segment Palisade Wall x1 |
| 13:06 | FOXY_KING49 · wall_segment Palisade Wall x1 |
| 13:07 | FOXY_KING49 · wall_segment Palisade Wall x1 |
| 13:50 | FOXY_KING49 · wall_segment Palisade Wall x1 |
| 13:51 | FOXY_KING49 · wall_segment Palisade Wall x1 |
| 13:51 | FOXY_KING49 · wall_segment Palisade Wall x1 |
| 13:53 | FOXY_KING49 · wall_segment Palisade Wall x1 |
| 13:55 | FOXY_KING49 · wall_segment Palisade Wall x1 |
| 14:03 | andrehoffmann04 · first_building Stable |
| 14:26 | andrehoffmann04 · first_market_buy 100 food |
| 14:57 | andrehoffmann04 · age_up castle |
| 15:08 | andrehoffmann04 · first_building Monastery |
| 15:12 | FOXY_KING49 · wall_segment Palisade Wall x1 |
| 15:13 | FOXY_KING49 · wall_segment Palisade Wall x1 |
| 15:16 | FOXY_KING49 · wall_segment Palisade Wall x1 |
| 15:17 | FOXY_KING49 · age_up feudal |
| 15:59 | FOXY_KING49 · first_building Archery Range |
| 19:07 | andrehoffmann04 · first_building Siege Workshop |
| 23:00 | FOXY_KING49 · age_up castle |
| 23:05 | FOXY_KING49 · first_building Castle |
| 24:03 | FOXY_KING49 · wall_segment Stone Wall x6 |
| 24:12 | FOXY_KING49 · wall_segment Stone Wall x3 |
| 24:37 | FOXY_KING49 · wall_segment Stone Wall x9 |
| 25:11 | FOXY_KING49 · first_building Siege Workshop |
| 30:08 | FOXY_KING49 · age_up imperial |
| 32:07 | FOXY_KING49 · first_market_sell 100 wood |
| 34:22 | andrehoffmann04 · age_up imperial |
| 39:45 | andrehoffmann04 · first_building Castle |
| 40:11 | andrehoffmann04 · first_market_sell 100 wood |
| 46:07 | FOXY_KING49 · wall_segment Palisade Wall x1 |
| 46:08 | FOXY_KING49 · wall_segment Palisade Wall x1 |
| 46:08 | FOXY_KING49 · wall_segment Palisade Wall x1 |
| 46:09 | FOXY_KING49 · wall_segment Palisade Wall x1 |
| 48:26 | FOXY_KING49 · resign |
[ AI ANALYSIS · 1 CREDIT ]
What really happened in this match?
Wolo.gg analyzes every decision: build order, eco, micro, common mistakes by bracket. Personalized analysis on WhatsApp or Discord in 30 seconds.
Civ guide
Turks
Map guide
Arena
Perfil
FOXY_KING49